 Dungeon Crawl Stone Soup version 0.21-a0-361-g4efd3f9 (webtiles) character file.

901 tidbits the Charmwright (level 8, 0/69 HPs)
             Began as a Gnoll Skald on Oct 13, 2017.
             Was an Initiate of Cheibriados.
             Slain by an orc
             ... wielding a +1 flail of distortion
              (14 damage)
             ... on level 6 of the Dungeon.
             The game lasted 00:16:02 (1931 turns).

tidbits the Charmwright (Gnoll Skald)               Turns: 1931, Time: 00:16:02

Health: 0/69       AC:  7    Str: 14    XL:     8   Next: 7%
Magic:  14/16      EV: 13    Int: 18    God:    Cheibriados [......]
Gold:   319        SH:  0    Dex: 15    Spells: 5/18 levels left

rFire    + . .     SeeInvis .   E - +1 hand axe (vamp)
rCold    . . .     Gourm    .   (no shield)
rNeg     . . .     Faith    .   B - +0 ring mail
rPois    .         Spirit   .   (no helmet)
rElec    .         Reflect  .   (no cloak)
rCorr    +         Harm     .   (no gloves)
MR       .....                  (no boots)
Stlth    ++........             (no amulet)
HPRegen  0.21/turn              r - ring of protection from fire
MPRegen  0.15/turn              K - ring of resist corrosion

@: about to teleport, starving, very slow
A: distributed training, fangs 1, thin metallic scales 1, clumsy 1, robust 1,
strong nose
a: Bend Time, Renounce Religion


You were on level 6 of the Dungeon.
You worshipped Cheibriados.
Cheibriados was noncommittal.
You were starving.

You visited 2 branches of the dungeon, and saw 7 of its levels.

You collected 319 gold pieces.

Inventory:

Hand Weapons
 a - a +0 whip of electrocution
   (You took it off an orc on level 4 of the Dungeon)
 b - a +0 hand axe
 h - a +0 mace
 m - a +0 hunting sling
 q - a +1 dagger of speed
   (You took it off a goblin on level 3 of the Dungeon)
 s - a +0 short sword of venom
   (You took it off a kobold on level 2 of the Dungeon)
 D - a cursed -2 whip
 E - a +1 vampiric hand axe (weapon)
   (You took it off an orc on level 4 of the Dungeon)
 F - a +2 dagger of venom
   (You took it off an orc on level 6 of the Dungeon)
 G - a +0 lajatang
 H - a +0 shortbow
Missiles
 g - 102 stones (quivered)
 i - 79 arrows
 n - 2 throwing nets {!f}
 v - 6 tomahawks
 w - 33 bolts
Armour
 e - a +0 leather armour
 k - a +0 scale mail
 B - a +0 ring mail (worn)
Jewellery
 r - a ring of protection from fire (left hand)
   (You found it on level 2 of the Dungeon)
 K - a ring of resist corrosion (right hand)
   (You found it on level 4 of the Dungeon)
Scrolls
 f - 3 scrolls of remove curse {unknown}
 j - 2 scrolls of amnesia {unknown}
 l - a scroll of enchant weapon {unknown}
 o - 3 scrolls of teleportation {unknown}
 t - 2 scrolls of recharging {unknown}
 u - a scroll of immolation {unknown}
 x - 5 scrolls of identify {unknown}
Potions
 p - 2 potions of curing
 z - a potion of agility {unknown}
 A - a potion of lignification {unknown}
 C - a potion of flight
 I - a potion of heal wounds
Books
 c - a book of Battle

   Spells                             Type                      Level
   a - Infusion                       Charms                       1
   b - Shroud of Golubria             Charms/Translocation         2
   c - Song of Slaying                Charms                       2
   d - Spectral Weapon                Hexes/Charms                 3
   e - Regeneration                   Charms/Necromancy            3
 y - a book of Cantrips
   (You found it on level 4 of the Dungeon)

   Spells                             Type                      Level
   a - Confusing Touch                Hexes                        1
   b - Animate Skeleton               Necromancy                   1
   c - Summon Small Mammal            Summoning                    1
   d - Apportation                    Translocation                1
Comestibles
 d - 4 bread rations
 J - a meat ration


   Skills:
 + Level 5.4 Fighting
 + Level 2.8 Short Blades
 + Level 2.8 Long Blades
 + Level 5.4 Axes
 + Level 2.8 Maces & Flails
 + Level 2.8 Polearms
 + Level 2.8 Staves
 + Level 2.8 Slings
 + Level 2.8 Bows
 + Level 2.8 Crossbows
 + Level 2.8 Throwing
 + Level 3.9 Armour
 + Level 5.4 Dodging
 + Level 2.8 Stealth
 + Level 2.8 Shields
 + Level 2.8 Unarmed Combat
 + Level 5.8 Spellcasting
 + Level 2.3 Conjurations
 + Level 2.3 Hexes
 + Level 6.0 Charms
 + Level 2.3 Summonings
 + Level 2.3 Necromancy
 + Level 2.3 Translocations
 + Level 2.3 Transmutations
 + Level 2.3 Fire Magic
 + Level 2.3 Ice Magic
 + Level 2.3 Air Magic
 + Level 2.3 Earth Magic
 + Level 2.3 Poison Magic
 + Level 3.1 Invocations
 + Level 2.8 Evocations


You had 5 spell levels left.
You knew the following spells:

 Your Spells              Type           Power        Failure   Level  Hunger
a - Apportation           Tloc           ##....       9%          1    None
g - Shroud of Golubria    Chrm/Tloc      ###.......   6%          2    None
i - Infusion              Chrm           ####         1%          1    None
n - Animate Skeleton      Necr           N/A          9%          1    None
r - Regeneration          Chrm/Necr      ###.......   13%         3    ##.....
w - Spectral Weapon       Hex/Chrm       ###.....     13%         3    ##.....
y - Song of Slaying       Chrm           ####....     3%          2    None


Dungeon Overview and Level Annotations

Branches:
Dungeon (6/15)             Temple (1/1) D:5

Altars:
Cheibriados
Dithmenos
Elyvilon
Gozag
Hepliaklqana
Makhleb
Nemelex Xobeh
Okawaru
Uskayaw
Wu Jian
Xom
Zin
The Shining One

Shops:
D:4 %


Innate Abilities, Weirdness & Mutations

Your experience applies equally to all skills.
You have very sharp teeth.
Your uncanny sense of smell can sniff out nearby items.
You are partially covered in thin metallic scales. (AC +2)
You are clumsy. (Dex -2)
You are robust. (+10% HP)


Message History

i - 79 arrows (gained 2)
Found 12 bolts.
You see here 12 bolts.
w - 33 bolts (gained 12)
Okay, then.
Found a leather armour.
Found a bread ration.
You see here a bread ration.
d - 4 bread rations (gained 1)
Found a meat ration.
You see here a meat ration.
J - a meat ration A ball python comes into view.
The ball python hisses angrily.
Casting: Regeneration
Confirm with . or Enter, or press ? or * to list all spells.
You draw out your weapon's spirit!
The ball python bites you but does no damage.
The ball python barely misses you. x2; The ball python grabs you.
The ball python constricts you.
You closely miss the ball python. Your bite misses the ball python.
Your spectral weapon hits the ball python!
You kill the ball python!
Cheibriados appreciates the change of pace.
Your spectral weapon fades away.
Things that are here:
an uncursed shortbow; a centaur skeleton An orc warrior comes into view.
It is wielding a scimitar.
There is an open door here.
The orc warrior shouts!
You hear a shout! x2
Casting: Spectral Weapon
Confirm with . or Enter, or press ? or * to list all spells.
You draw out your weapon's spirit!
You are starving!
You hit the orc warrior but do no damage.
Your spectral weapon hits the orc warrior.
The orc warrior closely misses you.
You hit the orc warrior but do no damage.
The orc warrior is lightly wounded.
Your spectral weapon hits the orc warrior but does no damage.
The orc warrior jeers noisily.
The orc warrior closely misses you.
Your ring mail prevents you from hitting the orc warrior.
The orc warrior is lightly wounded.
Your spectral weapon hits the orc warrior but does no damage.
The orc warrior hits you with a scimitar.
An orc comes into view. It is wielding a flail of distortion.
You aren't carrying any items that you can evoke.
Unknown command.
You closely miss the orc warrior.
The orc warrior is lightly wounded.
Your spectral weapon hits the orc warrior.
The orc warrior hits you with a scimitar.
You barely miss the orc warrior.
The orc warrior is moderately wounded.
Your spectral weapon closely misses the orc warrior.
The orc warrior hits you with a scimitar.
An orc comes into view. It is wielding a short sword.
You closely miss the orc warrior.
The orc shouts!
Your bite misses the orc warrior.
The orc warrior is moderately wounded.
Your spectral weapon hits the orc warrior.
The orc hits your spectral weapon with a flail of distortion.
Your spectral weapon shares its damage with you!
Space bends around your spectral weapon.
Your spectral weapon shares its damage with you!
Unknown command.
The orc warrior hits you with a scimitar!
The orc hits you with a flail of distortion.
* * * LOW HITPOINT WARNING * * *
Space warps horribly around you!
* * * LOW HITPOINT WARNING * * *
The orc warrior hits you with a scimitar.
* * * LOW HITPOINT WARNING * * *
Unknown command.
You hit the orc warrior but do no damage.
The orc warrior is moderately wounded.
You hit the orc but do no damage. You barely miss the orc.
Your spectral weapon hits the orc warrior!
Your spectral weapon is healed.
Your spectral weapon hits the orc but does no damage.
The orc barely misses you. The orc hits you but does no damage.
You feel strangely unstable.
Unknown command.
You barely miss the orc warrior.
The orc warrior is severely wounded.
You closely miss the orc. You hit the orc.
You feel better.
Your spectral weapon hits the orc warrior but does no damage.
Your spectral weapon hits the orc.
Your spectral weapon is healed.
The orc warrior barely misses you. The orc closely misses you.
Unknown command.
You barely miss the orc warrior.
The orc warrior is severely wounded.
You hit the orc but do no damage. You barely miss the orc.
Your spectral weapon barely misses the orc warrior.
Your spectral weapon hits the orc.
Your spectral weapon is healed.
The orc hits you but does no damage. Space warps horribly around you!
You die...

# #.# #......# .. # #.#
#......#######... # #.#
#.....).........# # # #.#
###...#.........# #.#
#.######..)#.........###
#.###......#..['...........
∆
...#######.#.#.#.........#
...# #.#.#.#.........# ...#
#.#.#.#@o(......# ...#
#.#.#.#oo.......# ...#
#.#.#.#.#####.#.# ...#
#.#.#.#.# #.# # ...#
#.#.#.#.#####.# ...# #<#.#
#<......# #.##########.#
#<....... #............#
#........ ##############
#.#......


You could see an orc warrior, 2 orcs and a friendly spectral vampiric hand axe.

Vanquished Creatures
  3 ogres
  2 centaurs
  The ghost of Hasart the Chiller, an amateur OpIE of Gozag (D:3)
  A bullfrog (D:6)
  A howler monkey (D:5)
  An orc priest (D:4)
  2 orc wizards (D:4)
  A hound (D:4)
  A worker ant (D:4)
  A hound zombie (D:5)
  5 adders
  A shadow imp (D:5)
  2 oozes
  An adder zombie (D:5)
  6 worms
  3 dart slugs
  A leopard gecko (D:3)
  7 orcs
  8 bats
  6 giant cockroaches
  2 hobgoblins (D:2)
  2 jackals (D:3)
  7 kobolds
  5 quokkas
  A ball python (D:6)
  6 frilled lizards
  10 goblins
  A quokka zombie (D:4)
  5 rats
93 creatures vanquished.

Notes
Turn   | Place    | Note
-------+----------+-------------------------------------------
     0 | D:1      | tidbits the Gnoll Skald began the quest for the Orb.
     0 | D:1      | Reached XP level 1. HP: 20/20 MP: 6/6
   169 | D:2      | Reached XP level 2. HP: 26/26 MP: 4/7
   173 | D:2      | Learned a level 2 spell: Song of Slaying
   176 | D:2      | Learned a level 2 spell: Shroud of Golubria
   235 | D:1      | Reached XP level 3. HP: 18/31 MP: 0/9
   243 | D:1      | Learned a level 3 spell: Regeneration
   247 | D:1      | Learned a level 3 spell: Spectral Weapon
   270 | D:1      | Reached skill level 5 in Spellcasting
   448 | D:2      | Reached skill level 1 in Invocations
   506 | D:2      | Reached skill level 1 in Short Blades
   506 | D:2      | Reached skill level 1 in Long Blades
   506 | D:2      | Reached skill level 1 in Maces & Flails
   506 | D:2      | Reached skill level 1 in Polearms
   506 | D:2      | Reached skill level 1 in Staves
   506 | D:2      | Reached skill level 1 in Slings
   506 | D:2      | Reached skill level 1 in Bows
   506 | D:2      | Reached skill level 1 in Crossbows
   506 | D:2      | Reached skill level 1 in Throwing
   506 | D:2      | Reached skill level 1 in Stealth
   506 | D:2      | Reached skill level 1 in Shields
   506 | D:2      | Reached skill level 1 in Unarmed Combat
   506 | D:2      | Reached skill level 1 in Evocations
   579 | D:2      | Reached XP level 4. HP: 28/37 MP: 8/11
   717 | D:3      | Reached skill level 1 in Conjurations
   717 | D:3      | Reached skill level 1 in Hexes
   717 | D:3      | Reached skill level 1 in Summonings
   717 | D:3      | Reached skill level 1 in Necromancy
   717 | D:3      | Reached skill level 1 in Translocations
   717 | D:3      | Reached skill level 1 in Transmutations
   717 | D:3      | Reached skill level 1 in Fire Magic
   717 | D:3      | Reached skill level 1 in Ice Magic
   717 | D:3      | Reached skill level 1 in Air Magic
   717 | D:3      | Reached skill level 1 in Earth Magic
   717 | D:3      | Reached skill level 1 in Poison Magic
   775 | D:3      | Noticed Hasart's ghost (amateur OpIE)
   787 | D:3      | Gained mutation: You evolve. [potion of mutation]
   787 | D:3      | Gained mutation: Your mind is acute. (Int +2) [potion of mutation]
   788 | D:3      | Lost mutation: Your mind is acute. (Int +2) [potion of mutation]
   788 | D:3      | Lost mutation: You evolve. [potion of mutation]
   788 | D:3      | Gained mutation: You are robust. (+10% HP) [potion of mutation]
   788 | D:3      | Gained mutation: You are clumsy. (Dex -2) [potion of mutation]
   788 | D:3      | Gained mutation: You are partially covered in thin metallic scales. (AC +2) [potion of mutation]
   804 | D:3      | Reached XP level 5. HP: 36/47 MP: 0/12
   806 | D:3      | Killed Hasart's ghost
   806 | D:3      | Reached skill level 3 in Armour
   935 | D:4      | Noticed an ogre
   937 | D:4      | Found Emagidel's Food Emporium.
   944 | D:4      | Killed an ogre
   944 | D:4      | Reached skill level 2 in Invocations
   944 | D:4      | Reached XP level 6. HP: 24/55 MP: 8/13
   988 | D:4      | Reached skill level 5 in Fighting
   988 | D:4      | Reached skill level 2 in Short Blades
   988 | D:4      | Reached skill level 2 in Long Blades
   988 | D:4      | Reached skill level 5 in Axes
   988 | D:4      | Reached skill level 2 in Maces & Flails
   988 | D:4      | Reached skill level 2 in Polearms
   988 | D:4      | Reached skill level 2 in Staves
   988 | D:4      | Reached skill level 2 in Slings
   988 | D:4      | Reached skill level 2 in Bows
   988 | D:4      | Reached skill level 2 in Crossbows
   988 | D:4      | Reached skill level 2 in Throwing
   988 | D:4      | Reached skill level 5 in Dodging
   988 | D:4      | Reached skill level 2 in Stealth
   988 | D:4      | Reached skill level 2 in Shields
   988 | D:4      | Reached skill level 2 in Unarmed Combat
   988 | D:4      | Reached skill level 2 in Evocations
  1184 | D:4      | Learned a level 1 spell: Animate Skeleton
  1186 | D:4      | Learned a level 1 spell: Apportation
  1231 | D:4      | Reached XP level 7. HP: 25/61 MP: 11/15
  1396 | D:5      | Entered Level 5 of the Dungeon
  1424 | D:5      | Found a staircase to the Ecumenical Temple.
  1433 | Temple   | Entered the Ecumenical Temple
  1461 | Temple   | Became a worshipper of Cheibriados the Contemplative
  1556 | D:6      | Reached skill level 2 in Conjurations
  1556 | D:6      | Reached skill level 2 in Hexes
  1556 | D:6      | Reached skill level 2 in Summonings
  1556 | D:6      | Reached skill level 2 in Necromancy
  1556 | D:6      | Reached skill level 2 in Translocations
  1556 | D:6      | Reached skill level 2 in Transmutations
  1556 | D:6      | Reached skill level 2 in Fire Magic
  1556 | D:6      | Reached skill level 2 in Ice Magic
  1556 | D:6      | Reached skill level 2 in Air Magic
  1556 | D:6      | Reached skill level 2 in Earth Magic
  1556 | D:6      | Reached skill level 2 in Poison Magic
  1558 | D:6      | HP: 6/61 [centaur/arrow (7)]
  1566 | D:6      | HP: 4/61 [centaur (5)]
  1569 | D:6      | Reached skill level 3 in Invocations
  1625 | D:5      | Reached XP level 8. HP: 33/69 MP: 3/16
  1644 | D:5      | Reached skill level 6 in Charms
  1708 | D:4      | Found a hide-covered altar of Uskayaw.
  1931 | D:6      | Slain by an orc

Vault maps used:
D:1:      ncdulo_watergridlock
D:2:      st_stairs_5
D:3:      led_sif_pool, kennysheep_generic_room_7
D:4:      lemuel_round_altar, serial_shops, shop
D:5:      kiku_gazebo_garden_becter, minmay_temple_entry_mist, first_bread
D:6:      overflow_temple_1_default, minmay_misc_feat_five
Temple:   minmay_temple_bridge_abc

Skill      XL: |  1  2  3  4  5  6  7  8 |
---------------+-------------------------+-----
Spellcasting   | 5 |  5.8
Invocations    | 1 2 3 |  3.1
Short Blades   | 1 2 |  2.8
Long Blades    | 1 2 |  2.8
Maces & Flails | 1 2 |  2.8
Polearms       | 1 2 |  2.8
Staves         | 1 2 |  2.8
Slings         | 1 2 |  2.8
Bows           | 1 2 |  2.8
Crossbows      | 1 2 |  2.8
Throwing       | 1 2 |  2.8
Stealth        | 1 2 |  2.8
Shields        | 1 2 |  2.8
Unarmed Combat | 1 2 |  2.8
Evocations     | 1 2 |  2.8
Conjurations   | 1 2 |  2.3
Hexes          | 1 2 |  2.3
Summonings     | 1 2 |  2.3
Necromancy     | 1 2 |  2.3
Translocations | 1 2 |  2.3
Transmutations | 1 2 |  2.3
Fire Magic     | 1 2 |  2.3
Ice Magic      | 1 2 |  2.3
Air Magic      | 1 2 |  2.3
Earth Magic    | 1 2 |  2.3
Poison Magic   | 1 2 |  2.3
Armour         | 3 |  3.9
Fighting       | 5 |  5.4
Axes           | 5 |  5.4
Dodging        | 5 |  5.4
Charms         | 6 |  6.0

Action                   |  1- 3 |  4- 6 |  7- 9 || total
-------------------------+-------+-------+-------++-------
Melee: Hand axe          |    68 |    72 |    54 ||   194
       Bite              |     4 |     9 |     3 ||    16
       Whip              |       |    42 |     1 ||    43
       Punch             |       |       |     2 ||     2
 Cast: Infusion          |     7 |     4 |       ||    11
       Spectral Weapon   |     1 |    12 |     7 ||    20
       Song of Slaying   |     1 |     1 |       ||     2
       Regeneration      |       |     3 |     7 ||    10
       Shroud of Golubri |       |     1 |     1 ||     2
       Apportation       |       |     1 |     4 ||     5
  Use: Potion            |       |     5 |     1 ||     6
 Stab: Invisible         |       |     6 |       ||     6
       Distracted        |       |       |     2 ||     2
  Eat: Chunk             |       |     2 |     2 ||     4
       Meat ration       |       |       |     1 ||     1
Armor: Leather armour    |     4 |       |       ||     4
       Scale mail        |    10 |       |       ||    10
       Ring mail         |    10 |    46 |    12 ||    68
Dodge: Dodged            |    41 |    95 |    46 ||   182

Table legend:
 A = Spawn XP
 B = Non-spawn XP
 C = Spawn XP percentage of total XP
 D = Spawn monster count
 E = Non-spawn monster count
 F = Spawn count percentage of total count
 G = Total turns spent on level
                    A         B        C        D         E        F      G
               +---------+---------+-------+---------+---------+-------+---------
         Total |       0 |    1288 |   0.0 |       0 |      93 |   0.0 |  1931
               +---------+---------+-------+---------+---------+-------+---------
           D:1 |       0 |      21 |   0.0 |       0 |      11 |   0.0 |   283
           D:2 |       0 |      98 |   0.0 |       0 |      25 |   0.0 |   402
           D:3 |       0 |     173 |   0.0 |       0 |      30 |   0.0 |   372
           D:4 |       0 |     342 |   0.0 |       0 |      15 |   0.0 |   432
           D:5 |       0 |     333 |   0.0 |       0 |       7 |   0.0 |   167
           D:6 |       0 |     321 |   0.0 |       0 |       5 |   0.0 |   225
               +---------+---------+-------+---------+---------+-------+---------

Table legend:
 A = Turns spent in this place as a percentage of turns spent in the entire game.
 B = Non-inter-level travel turns spent in this place as a percentage of non-inter-level travel turns spent in the entire game.
 C = Inter-level travel turns spent in this place as a percentage of turns spent in this place.
 D = Turns resting spent in this place as a percentage of non-inter-level travel turns spent in this place.
 E = Turns spent auto-exploring this place as a percentage of non-inter-level travel turns spent in this place.
 F = Non-inter-level travel turns spent in this place divided by the number of levels of this place that you've seen.
                   A       B       C       D       E      F
               +-------+-------+-------+-------+-------+----------------------
         Total | 100.0 | 100.0 |   4.1 |   0.0 |   0.0 | 264.4
       Dungeon |  97.4 |  98.4 |   3.2 |   0.0 |   0.0 | 303.5
        Temple |   2.6 |   1.6 |  40.0 |   0.0 |   0.0 |  30.0
               +-------+-------+-------+-------+-------+----------------------

Table legend:
 A = Kills in this place as a percentage of kills in entire the game.
 B = Kills by you in this place as a percentage of kills by you in the entire game.
 C = Kills by friends in this place as a percentage of kills by friends in the entire game.
 D = Other kills in this place as a percentage of other kills in the entire game.
 E = Experience gained in this place as a percentage of experience gained in the entire game.
 F = Experience gained in this place divided by the number of levels of this place that you have seen.
                   A       B       C       D       E      F
               +-------+-------+-------+-------+-------+----------------------
         Total | 100.0 | 100.0 |   N/A |   N/A | 100.0 | 184.0
       Dungeon | 100.0 | 100.0 |   N/A |   N/A | 100.0 | 214.7
               +-------+-------+-------+-------+-------+----------------------

Vault maps used:
D:1:      ncdulo_watergridlock
D:2:      st_stairs_5
D:3:      led_sif_pool, kennysheep_generic_room_7
D:4:      lemuel_round_altar, serial_shops, shop
D:5:      kiku_gazebo_garden_becter, minmay_temple_entry_mist, first_bread
D:6:      overflow_temple_1_default, minmay_misc_feat_five
Temple:   minmay_temple_bridge_abc
